 Dungeon Crawl Stone Soup version 0.22-a0-423-g4197694 (webtiles) character file.

3656 Veiltonx the Scholar of Death (level 9, -2/70 HPs)
             Began as a Demonspawn Necromancer on May 23, 2018.
             Was a Follower of Kikubaaqudgha.
             Shot with a sling bullet by Joseph (10 damage)
             ... on level 8 of the Dungeon.
             The game lasted 00:50:12 (10552 turns).

Veiltonx the Scholar of Death (DsNe)               Turns: 10552, Time: 00:50:14

Health: -2/70      AC:  7    Str:  9    XL:     9   Next: 88%
Magic:  1/18       EV: 15    Int: 20    God:    Kikubaaqudgha [*.....]
Gold:   531        SH:  0    Dex: 13    Spells: 14/20 levels left

rFire    . . .     SeeInvis .   s - +2 dagger (protect)
rCold    . . .     Gourm    .   (no shield)
rNeg     . . .     Faith    .   a - +0 robe
rPois    .         Spirit   .   I - +1 hat
rElec    .         Reflect  .   (no cloak)
rCorr    .         Harm     .   r - +1 pair of gloves
MR       +....                  (no boots)
Stlth    ++++......             (no amulet)
HPRegen  0.21/turn              e - ring of wizardry
MPRegen  0.16/turn              l - ring of protection from magic

@: no status effects
A: antennae 2, thin metallic scales 1, nightstalker 2, spiny 1
a: Receive Corpses, Renounce Religion


You were on level 8 of the Dungeon.
You worshipped Kikubaaqudgha.
Kikubaaqudgha was aware of your devotion.
You were not hungry.

You visited 2 branches of the dungeon, and saw 9 of its levels.
You also visited: Ossuary.

You collected 531 gold pieces.

Inventory:

Hand Weapons
 m - a +0 dagger of venom
 p - a +0 short sword of protection
 s - a +2 dagger of protection (weapon)
 E - a +3 dagger
Armour
 a - a +0 robe (worn)
 i - the +0 robe "Kachib" {rPois MR+ Dex-5}
   (You found it on level 4 of the Dungeon)

   It affects your dexterity (-5).
   It protects you from poison.
   It affects your resistance to hostile enchantments.
 r - a +1 pair of gloves (worn)
 y - a cursed +0 ring mail
 I - a +1 hat (worn)
 K - a +1 hat
Jewellery
 e - a ring of wizardry (left hand)
 l - a ring of protection from magic (right hand)
 o - an uncursed ring of wizardry
 u - an uncursed ring of wizardry
 F - an uncursed ring of flight
Wands
 w - a wand of paralysis (10)
Scrolls
 h - 2 scrolls of fog {unknown}
 n - 4 scrolls of teleportation
 q - 3 scrolls of enchant armour
 x - 3 scrolls of remove curse
 A - 4 scrolls of identify
 D - a scroll of magic mapping
 G - a scroll of immolation
 J - a scroll of holy word {unknown}
Potions
 b - a potion of magic
 d - 3 potions of brilliance {unknown}
 f - 2 potions of heal wounds
 g - 4 potions of lignification {unknown}
 j - 2 potions of flight
 k - 2 potions of cancellation {unknown}
 t - 3 potions of resistance {unknown}
 v - 2 potions of curing
 z - 6 potions of haste {unknown}
 B - a potion of invisibility {unknown}
 C - a potion of berserk rage {unknown}
Comestibles
 c - 7 rations
 H - a chunk of flesh


   Skills:
 + Level 6.3 Fighting
 + Level 5.0 Short Blades
 - Level 2.3 Armour
 - Level 6.0 Dodging
 - Level 2.0 Stealth
 + Level 6.1 Spellcasting
 + Level 8.0 Necromancy


You had 14 spell levels left.
You knew the following spells:

 Your Spells              Type           Power        Failure   Level  Hunger
a - Pain                  Necr           ####         1%          1    None
b - Animate Skeleton      Necr           N/A          1%          1    None
c - Animate Dead          Necr           N/A          1%          4    ####...

Your spell library contained the following spells:

 Spells                   Type           Power        Failure   Level  Hunger
 Summon Small Mammal      Summ           #...         4%          1    None
 Vampiric Draining        Necr           #####.....   1%          3    ##.....
 Summon Ice Beast         Ice/Summ       #.......     38%         4    ####...
 Call Imp                 Summ           #.......     6%          2    None
 Regeneration             Chrm/Necr      ###.......   2%          3    ##.....
 Sublimation of Blood     Necr           #####.....   1%          2    None
 Call Canine Familiar     Summ           #.......     12%         3    ##.....
 Summon Lightning Spire   Summ/Air       #.......     38%         4    ####...
 Summon Guardian Golem    Hex/Summ       #.......     12%         3    ##.....


Dungeon Overview and Level Annotations

Branches:
Dungeon (8/15)             Temple (1/1) D:6
   Lair: D:8-11

Altars:
Ashenzari
Elyvilon
Fedhas
Kikubaaqudgha
Nemelex Xobeh
Qazlal
Ru
Xom
Yredelemnul

Shops:
D:8 [

Annotations:
D:4 exclusion: phantom
D:8 exclusion: upstairs, Joseph


Innate Abilities, Weirdness & Mutations

You have a pair of antennae on your head.
You are partially covered in thin metallic scales. (AC +2)
You are significantly more attuned to the shadows.
You are partially covered in sharp spines.


Message History

Aiming: Pain (safe; 1% risk of failure)
Press: ? - help, Shift-Dir - straight line, f/p - Joseph
Aim: Joseph, wielding a hunting sling and wearing a glowing ring mail (severely wounded, chance to defeat MR: 71%) Joseph struggles to resist.
Casting: Pain (safe; 1% risk of failure)
Confirm with . or Enter, or press ? or * to list all spells.
Aiming: Pain (safe; 1% risk of failure)
Press: ? - help, Shift-Dir - straight line, f/p - Joseph
Aim: Joseph, wielding a hunting sling and wearing a glowing ring mail (severely wounded, chance to defeat MR: 71%) Joseph writhes in agony!
Joseph shoots a sling bullet.
The sling bullet hits you but does no damage.
Casting: Pain (safe; 1% risk of failure)
Confirm with . or Enter, or press ? or * to list all spells.
Aiming: Pain (safe; 1% risk of failure)
Press: ? - help, Shift-Dir - straight line, f/p - Joseph
Aim: Joseph, wielding a hunting sling and wearing a glowing ring mail (almost dead, chance to defeat MR: 71%) Joseph writhes in agony!
Joseph shoots a sling bullet.
The sling bullet hits you!
You die...
Kikubaaqudgha rasps: "You have failed me!
Welcome... death!"

#......###... .
##.###..#..##..
####.####.#.....
..............#
......^......## ##..
..............### #....
..............).## ##.....
.............##..###......
.......∩....##(@(((......
......#..#...@)...[
.....#.######(.%.. ....#..
..... ...# ..... >## .....
.....


You could see Joseph.

Vanquished Creatures
  Gastronok (D:8)
  2 orc warriors
  Purgy (D:4)
  A black bear (D:7)
  2 centaurs
  An ogre (D:4)
  Blork the orc (D:5)
  A water moccasin skeleton (D:4)
  2 scorpions
  A water moccasin zombie (D:5)
  9 killer bees (D:7)
  2 crimson imps
  A quasit (D:7)
  2 orc priests
  A bullfrog skeleton (D:5)
  A gnoll shaman (D:7)
  4 hounds
  8 orc wizards
  An iguana (D:5)
  4 worker ants
  2 hound skeletons
  9 mummies
  2 worker ant zombies
  8 adders
  5 gnolls
  A shadow imp (D:5)
  An adder skeleton (D:4)
  5 worms
  A dart slug (D:1)
  4 leopard geckos
  14 orcs
  6 bats
  7 giant cockroaches
  4 goblins
  5 hobgoblins (D:1)
  11 jackals
  5 quokkas
  3 ball pythons
  2 frilled lizards
  4 hobgoblin zombies
  2 jackal skeletons
  6 kobolds
  4 kobold zombies
  A leopard gecko skeleton (D:7)
  2 orc zombies (Ossuary)
  2 quokka skeletons
  A rat (D:2)
163 creatures vanquished.

Vanquished Creatures (collateral kills)
  Grinder (D:5)
  A water moccasin (D:8)
  A sky beast (D:5)
  An ogre (D:8)
  A bullfrog (D:6)
  A crimson imp (D:5)
  An adder skeleton (D:4)
  3 orcs
  A giant cockroach (D:4)
  3 frilled lizards
14 creatures vanquished.

Grand Total: 177 creatures vanquished

Notes
Turn   | Place    | Note
-------+----------+-------------------------------------------
     0 | D:1      | Veiltonx the Demonspawn Necromancer began the quest for the Orb.
     0 | D:1      | Reached XP level 1. HP: 13/13 MP: 3/3
   490 | D:1      | Gained mutation: You have a pair of small antennae on your head. [demonic ancestry]
   490 | D:1      | Reached XP level 2. HP: 12/19 MP: 3/5
   496 | D:1      | Learned a level 1 spell: Animate Skeleton
  1919 | D:2      | Reached skill level 1 in Fighting
  1919 | D:2      | Gained mutation: You are partially covered in thin metallic scales. (AC +2) [demonic ancestry]
  1919 | D:2      | Reached XP level 3. HP: 24/26 MP: 4/6
  2957 | D:2      | Found a white marble altar of Elyvilon.
  2957 | D:2      | Found a sparkling altar of Nemelex Xobeh.
  2957 | D:2      | Found a blossoming altar of Fedhas.
  3288 | D:3      | Reached skill level 5 in Necromancy
  3288 | D:3      | Gained mutation: You are slightly more attuned to the shadows. [demonic ancestry]
  3288 | D:3      | Reached XP level 4. HP: 30/32 MP: 4/8
  3551 | D:3      | HP: 1/33 [orc wizard/puff of flame (8)]
  3734 | D:3      | Reached XP level 5. HP: 22/38 MP: 7/9
  3745 | D:3      | Found a faded altar of an unknown god.
  4279 | D:4      | Noticed a phantom
  4562 | D:4      | Noticed an ogre
  4579 | D:4      | Killed an ogre
  4579 | D:4      | Gained mutation: You are partially covered in sharp spines. [demonic ancestry]
  4579 | D:4      | Reached XP level 6. HP: 13/47 MP: 1/11
  4585 | D:4      | Learned a level 4 spell: Animate Dead
  4735 | D:4      | Reached skill level 6 in Necromancy
  5112 | D:4      | Got a colourful robe
  5123 | D:4      | Identified the +0 robe "Kachib" {rPois MR+ Dex-5} (You found it on level 4 of the Dungeon)
  5177 | D:4      | Noticed Purgy
  5188 | D:4      | Killed Purgy
  5495 | D:4      | Gained mutation: You are significantly more attuned to the shadows. [demonic ancestry]
  5495 | D:4      | Reached XP level 7. HP: 48/53 MP: 5/13
  5842 | D:5      | Entered Level 5 of the Dungeon
  5869 | D:5      | Reached skill level 1 in Short Blades
  5869 | D:5      | Reached skill level 1 in Armour
  6114 | D:5      | Noticed Grinder
  6491 | D:5      | Found a stormy altar of Qazlal.
  6525 | D:5      | Reached skill level 5 in Spellcasting
  6867 | D:5      | Paralysed by Grinder for 6 turns
  6884 | D:5      | Killed Grinder
  6884 | D:5      | Reached XP level 8. HP: 32/61 MP: 13/15
  7156 | D:5      | Reached skill level 5 in Fighting
  7157 | D:5      | Noticed Blork the orc
  7175 | D:5      | Killed Blork the orc
  7461 | D:6      | Found a staircase to the Ecumenical Temple.
  7465 | Temple   | Entered the Ecumenical Temple
  7471 | Temple   | Became a worshipper of Kikubaaqudgha
  7519 | D:6      | Found a sand-covered staircase.
  7536 | Ossuary  | Entered an ossuary
  8338 | D:6      | Found a shattered altar of Ashenzari.
  9343 | D:7      | Reached * piety under Kikubaaqudgha
  9343 | D:7      | Identified Kikubaaqudgha's Volume of Sinister Magic (Kikubaaqudgha gifted it to you on level 7 of the Dungeon)
  9343 | D:7      | Received a gift from Kikubaaqudgha
  9370 | D:7      | Gained mutation: You have a pair of antennae on your head. [demonic ancestry]
  9370 | D:7      | Reached XP level 9. HP: 66/68 MP: 18/18
  9798 | D:7      | Reached skill level 5 in Short Blades
  9970 | D:8      | Noticed Gastronok
 10393 | D:8      | Reached skill level 5 in Dodging
 10416 | D:8      | Reached skill level 7 in Necromancy
 10445 | D:8      | Killed Gastronok
 10501 | D:8      | Found Nikig's Antique Armour Shop.
 10514 | D:8      | Reached skill level 8 in Necromancy
 10530 | D:8      | Noticed Joseph
 10552 | D:8      | Shot with a sling bullet by Joseph

Vault maps used:
D:1:      matt_arrival_diagonals, grunt_decor_clamped
D:2:      gammafunk_temple_overflow_claw
D:3:      chequers_ecumenical_altar_twisty, first_ration
D:4:      uniq_purgy
D:5:      lemuel_coloured_pillars_altar, minmay_misc_feat_nine_boxes,
          uniq_blork_the_orc, uniq_grinder
D:6:      minmay_temple_entry_glassed_door, nicolae_ossuary_entry_giza,
          cheibrodos_ashenzari_chains
D:8:      serial_shops, shop, uniq_joseph, uniq_gastronok, uniq_pikel
Temple:   eino_narrow_crystal_temple
Ossuary:  ossuary_tomb_3

Skill      XL: |  1  2  3  4  5  6  7  8  9 |
---------------+----------------------------+-----
Stealth        | 2 |  2.0
Dodging        | 2 4 6 |  6.0
Fighting       | 1 2 3 4 5 6 |  6.3
Necromancy     | 5 6 8 |  8.0
Spellcasting   | 3 4 5 6 |  6.1
Short Blades   | 2 4 5 |  5.0
Armour         | 2 |  2.3

Action                   |  1- 3 |  4- 6 |  7- 9 || total
-------------------------+-------+-------+-------++-------
Melee: Club              |    78 |       |       ||    78
       Unarmed           |    14 |       |       ||    14
       Short sword       |    89 |    23 |       ||   112
       Dagger            |       |    66 |   284 ||   350
 Cast: Pain              |    48 |    76 |   153 ||   277
       Animate Skeleton  |    13 |     7 |     7 ||    27
       Animate Dead      |       |     3 |    16 ||    19
  Use: Scroll            |     8 |       |     2 ||    10
       Potion            |       |     6 |     1 ||     7
 Stab: Sleeping          |     2 |     6 |     9 ||    17
       Distracted        |       |       |     4 ||     4
  Eat: Chunk             |     7 |     6 |    14 ||    27
       Ration            |       |     1 |     1 ||     2
Armor: Robe              |    67 |    41 |    69 ||   177
Dodge: Dodged            |   135 |    60 |   159 ||   354

Table legend:
 A = Spawn XP
 B = Non-spawn XP
 C = Spawn XP percentage of total XP
 D = Spawn monster count
 E = Non-spawn monster count
 F = Spawn count percentage of total count
 G = Total turns spent on level
                    A         B        C        D         E        F      G
               +---------+---------+-------+---------+---------+-------+---------
         Total |       0 |    5224 |   0.0 |       0 |     177 |   0.0 | 10552
               +---------+---------+-------+---------+---------+-------+---------
           D:1 |       0 |      37 |   0.0 |       0 |      19 |   0.0 |  1704
           D:2 |       0 |      49 |   0.0 |       0 |      23 |   0.0 |  1542
           D:3 |       0 |     116 |   0.0 |       0 |      13 |   0.0 |   764
           D:4 |       0 |     572 |   0.0 |       0 |      29 |   0.0 |  1832
           D:5 |       0 |    1022 |   0.0 |       0 |      24 |   0.0 |  1499
           D:6 |       0 |     475 |   0.0 |       0 |      20 |   0.0 |   920
           D:7 |       0 |    1083 |   0.0 |       0 |      26 |   0.0 |  1365
           D:8 |       0 |    1718 |   0.0 |       0 |       7 |   0.0 |   235
       Ossuary |       0 |     152 |   0.0 |       0 |      16 |   0.0 |   678
               +---------+---------+-------+---------+---------+-------+---------
